Workbook

Sheet Summary
A1: Item | C1: Jan | D1: Feb | E1: Mar | F1: Apr | G1: May | H1: Jun | I1: Jul | J1: Aug | K1: Sep | L1: Oct | M1: Nov | N1: Dec
A3: Income | C3: =(Income!C32) -> 0 | D3: =(Income!D32) -> 200 | E3: =(Income!E32) -> 50 | F3: =(Income!F32) -> 250 | G3: =(Income!G32) -> 0 | H3: =(Income!H32) -> 30 | I3: =(Income!I32) -> 300 | J3: =(Income!J32) -> 40 | ... N3: =(Income!N32) -> 50 | P3: Sub-totals
A5: % of Mortgage | C5: =SUM((House!C3)*0.1) -> 100 | D5: =SUM((House!D3)*0.1) -> 100 | E5: =SUM((House!E3)*0.1) -> 100 | F5: =SUM((House!F3)*0.1) -> 100 | G5: =SUM((House!G3)*0.1) -> 100 | H5: =SUM((House!H3)*0.1) -> 100 | I5: =SUM((House!I3)*0.1) -> 100 | J5: =SUM((House!J3)*0.1) -> 100 | ... N5: =SUM((House!N3)*0.1) -> 100 | P5: =SUM(C5:N5) -> 1200 | R5: These percentage are calculate at 10% of my home.
A6: % of Home Insurance | C6: =SUM((House!C4)*0.1) -> 15 | D6: =SUM((House!D4)*0.1) -> 15 | E6: =SUM((House!E4)*0.1) -> 15 | F6: =SUM((House!F4)*0.1) -> 15 | G6: =SUM((House!G4)*0.1) -> 15 | H6: =SUM((House!H4)*0.1) -> 15 | I6: =SUM((House!I4)*0.1) -> 15 | J6: =SUM((House!J4)*0.1) -> 15 | ... N6: =SUM((House!N4)*0.1) -> 15 | P6: =SUM(C6:N6) -> 180 | R6: You can adjust it as necessary.
A7: % of Electricity | C7: =SUM((House!C5)*0.1) -> 10 | D7: =SUM((House!D5)*0.1) -> 10 | E7: =SUM((House!E5)*0.1) -> 10 | F7: =SUM((House!F5)*0.1) -> 10 | G7: =SUM((House!G5)*0.1) -> 10 | H7: =SUM((House!H5)*0.1) -> 10 | I7: =SUM((House!I5)*0.1) -> 10 | J7: =SUM((House!J5)*0.1) -> 10 | ... N7: =SUM((House!N5)*0.1) -> 10 | P7: =SUM(C7:N7) -> 120
A8: % of Gas (Heating) | C8: =SUM((House!C6)*0.1) -> 10 | D8: =SUM((House!D6)*0.1) -> 10 | E8: =SUM((House!E6)*0.1) -> 10 | F8: =SUM((House!F6)*0.1) -> 10 | G8: =SUM((House!G6)*0.1) -> 10 | H8: =SUM((House!H6)*0.1) -> 10 | I8: =SUM((House!I6)*0.1) -> 10 | J8: =SUM((House!J6)*0.1) -> 10 | ... N8: =SUM((House!N6)*0.1) -> 10 | P8: =SUM(C8:N8) -> 120
A9: % of Water | C9: =SUM((House!C7)*0.1) -> 25 | D9: =SUM((House!D7)*0.1) -> 0 | E9: =SUM((House!E7)*0.1) -> 25 | F9: =SUM((House!F7)*0.1) -> 0 | G9: =SUM((House!G7)*0.1) -> 25 | H9: =SUM((House!H7)*0.1) -> 0 | I9: =SUM((House!I7)*0.1) -> 25 | J9: =SUM((House!J7)*0.1) -> 0 | ... N9: =SUM((House!N7)*0.1) -> 0 | P9: =SUM(C9:N9) -> 150
A11: Transportation | C11: =SUM(Transportation!C10) -> 775 | D11: =SUM(Transportation!D10) -> 650 | E11: =SUM(Transportation!E10) -> 670 | F11: =SUM(Transportation!F10) -> 650 | G11: =SUM(Transportation!G10) -> 1200 | H11: =SUM(Transportation!H10) -> 650 | I11: =SUM(Transportation!I10) -> 675 | J11: =SUM(Transportation!J10) -> 725 | ... N11: =SUM(Transportation!N10) -> 650 | P11: =SUM(C11:N11) -> 8695
A13: Expenses | C13: =SUM(Expenses!C26) -> 172 | D13: =SUM(Expenses!D26) -> 300 | E13: =SUM(Expenses!E26) -> 51.5 | F13: =SUM(Expenses!F26) -> 200 | G13: =SUM(Expenses!G26) -> 30 | H13: =SUM(Expenses!H26) -> 305 | I13: =SUM(Expenses!I26) -> 100 | J13: =SUM(Expenses!J26) -> 0 | ... N13: =SUM(Expenses!N26) -> 150 | P13: =SUM(C13:N13) -> 1592.5 | R13: This adds up all the expenses from tab B
O18: Total | P18: =SUM(P5:P15) -> 12057.5 | R18: Grand total of all expenses

Sheet Expenses
A1: Item | C1: Jan | D1: Feb | E1: Mar | F1: Apr | G1: May | H1: Jun | I1: Jul | J1: Aug | K1: Sep | L1: Oct | M1: Nov | N1: Dec
A3: Books (Research) | C3: 20 | G3: 30 | L3: 50 | P3: I tend to add a comment to each field with a note of what it relates to.
A4: Books (for resale) | D4: 200 | F4: 100 | H4: 50 | K4: 80 | N4: 100 | P4: This way during tax time I know what receipt goes to what.
A6: Conferences, Shows etc. | C6: 100 | F6: 100 | I6: 100 | L6: 50
A7: Square Fees | C7: 2 | E7: 1.5 | H7: 5 | L7: 4
A9: Meals | C9: 50 | E9: 50 | H9: 50 | K9: 50 | N9: 50
A10: Hotel | H10: 200
A12: Promotional | D12: 100 | K12: 50
A13: Educational
A14: Postage
A15: Legal
A17: Computer
A18: Website
A19: Office Supplies
A20: Cell Phone
A21: Internet
A23: MIsc
A26: Totals | C26: =SUM(C3:C24) -> 172 | D26: =SUM(D3:D24) -> 300 | E26: =SUM(E3:E24) -> 51.5 | F26: =SUM(F3:F24) -> 200 | G26: =SUM(G3:G24) -> 30 | H26: =SUM(H3:H24) -> 305 | I26: =SUM(I3:I24) -> 100 | J26: =SUM(J3:J24) -> 0 | ... N26: =SUM(N3:N24) -> 150 | P26: These are just set up to calculate everything in the column.

Sheet Income
A1: Source & Date | C1: Jan | D1: Feb | E1: Mar | F1: Apr | G1: May | H1: Jun | I1: Jul | J1: Aug | K1: Sep | L1: Oct | M1: Nov | N1: Dec
A3: Publisher 1 | C3: 50
A4: Publisher 2 | E4: 50
A5: Publisher 3 | H5: 30
A6: Publisher 4 | J6: 40
A7: Publisher 5 | L7: 70
A8: Show 1 | D8: 200
A9: Show 2 | F9: 250
A10: Show 3 | I10: 300
A11: Show 4 | K11: 350
A12: Show 5 | L12: 100
A13: Show 6 | N13: 50
A32: SUB TOTALS | C32: =SUM(C4:C31) -> 0 | D32: =SUM(D4:D31) -> 200 | E32: =SUM(E4:E31) -> 50 | F32: =SUM(F4:F31) -> 250 | G32: =SUM(G4:G31) -> 0 | H32: =SUM(H4:H31) -> 30 | I32: =SUM(I4:I31) -> 300 | J32: =SUM(J4:J31) -> 40 | ... N32: =SUM(N4:N31) -> 50
A34: TOTAL | C34: =SUM(C32:N32) -> 1440

Sheet House
A1: Item | C1: Jan | D1: Feb | E1: Mar | F1: Apr | G1: May | H1: Jun | I1: Jul | J1: Aug | K1: Sep | L1: Oct | M1: Nov | N1: Dec
A3: Rent / Mortgage | C3: 1000 | D3: 1000 | E3: 1000 | F3: 1000 | G3: 1000 | H3: 1000 | I3: 1000 | J3: 1000 | K3: 1000 | L3: 1000 | M3: 1000 | N3: 1000 | P3: A percentage of all this will be calculated for the first tab
A4: Home Insurance | C4: 150 | D4: 150 | E4: 150 | F4: 150 | G4: 150 | H4: 150 | I4: 150 | J4: 150 | K4: 150 | L4: 150 | M4: 150 | N4: 150
A5: Electricity | C5: 100 | D5: 100 | E5: 100 | F5: 100 | G5: 100 | H5: 100 | I5: 100 | J5: 100 | K5: 100 | L5: 100 | M5: 100 | N5: 100
A6: Gas (Heating) | C6: 100 | D6: 100 | E6: 100 | F6: 100 | G6: 100 | H6: 100 | I6: 100 | J6: 100 | K6: 100 | L6: 100 | M6: 100 | N6: 100
A7: Water | C7: 250 | D7: 0 | E7: 250 | F7: 0 | G7: 250 | H7: 0 | I7: 250 | J7: 0 | K7: 250 | L7: 0 | M7: 250 | N7: 0

Sheet Transportation
A1: Item | C1: Jan | D1: Feb | E1: Mar | F1: Apr | G1: May | H1: Jun | I1: Jul | J1: Aug | K1: Sep | L1: Oct | M1: Nov | N1: Dec
A3: Vehicle Payment | C3: 500 | D3: 500 | E3: 500 | F3: 500 | G3: 500 | H3: 500 | I3: 500 | J3: 500 | K3: 500 | L3: 500 | M3: 500 | N3: 500 | P3: Just the stuff that applies toward use for the writing business.
A4: Gas | C4: 100 | D4: 0 | E4: 20 | F4: 0 | G4: 50 | H4: 0 | I4: 0 | J4: 75 | K4: 0 | L4: 0 | M4: 100 | N4: 0 | P4: For the payment I have calculated it at 10% which is actually less than the amount I use for the business.
A5: Maintenance | C5: 0 | D5: 0 | E5: 0 | F5: 0 | G5: 500 | H5: 0 | I5: 0 | J5: 0 | K5: 0 | L5: 0 | M5: 0 | N5: 0 | P5: This can be recalculated at end of year in relation to: total usage - amount used for business.
A6: Insurance | C6: 150 | D6: 150 | E6: 150 | F6: 150 | G6: 150 | H6: 150 | I6: 150 | J6: 150 | K6: 150 | L6: 150 | M6: 150 | N6: 150
A7: Registration | C7: 0 | D7: 0 | E7: 0 | F7: 0 | G7: 0 | H7: 0 | I7: 0 | J7: 0 | K7: 0 | L7: 0 | M7: 0 | N7: 0
A8: Parking | C8: 25 | D8: 0 | E8: 0 | F8: 0 | G8: 0 | H8: 0 | I8: 25 | J8: 0 | K8: 0 | L8: 0 | M8: 0 | N8: 0
A9: Other | C9: 0 | D9: 0 | E9: 0 | F9: 0 | G9: 0 | H9: 0 | I9: 0 | J9: 0 | K9: 0 | L9: 0 | M9: 0 | N9: 0
A10: Total | C10: =SUM(C3:C9) -> 775 | D10: =SUM(D3:D9) -> 650 | E10: =SUM(E3:E9) -> 670 | F10: =SUM(F3:F9) -> 650 | G10: =SUM(G3:G9) -> 1200 | H10: =SUM(H3:H9) -> 650 | I10: =SUM(I3:I9) -> 675 | J10: =SUM(J3:J9) -> 725 | ... N10: =SUM(N3:N9) -> 650
A13: Mileage | C13: 150 | D13: 0 | E13: 50 | F13: 0 | G13: 0 | H13: 400 | I13: 0 | J13: 0 | K13: 40 | L13: 0 | M13: 0 | N13: 30 | P13: This field is important for calculating how much you used the car for in regards to your business
A15: January starting mileage
A16: December end mileage
